 Dungeon Crawl Stone Soup version 0.30.1-4-g462c640d31 (webtiles) character file.

Game seed: 9704690445312977809

1602764 winkopee the Slayer (level 27, 228/240 HPs)
             Began as a Demonspawn Berserker on Sept 10, 2023.
             Was the Champion of Trog.
             Escaped with the Orb
             ... and 3 runes on Sept 11, 2023!
             The game lasted 02:16:50 (78670 turns).

winkopee the Slayer (Demonspawn Berserker)         Turns: 78670, Time: 02:16:50

Health: 228/240    AC: 54    Str: 34    XL:     27
Magic:  18/18      EV: 12    Int: 16    God:    Trog [******]
Gold:   9049       SH:  0    Dex:  7    Spells: 26/26 levels left

rFire   + + +        V - +9 executioner's axe (vamp)
rCold   + . .        (shield currently unavailable)
rNeg    + . .        a - +11 gold dragon scales
rPois   +            (helmet unavailable)
rElec   +            U - +2 cloak of the Fife {*Corrode Str+4 Slay+3}
rCorr   +            E - +2 pair of gloves {infuse}
SInv    .            P - +2 pair of boots {rampage}
Will    +++++        y - amulet of the Air {Inacc Air Fly rElec RMsl} Stlth
                     O - ring "Heuqiosch" {rPois rN+ Will+ rCorr Dex-5}
HPRegen 0.60/turn    C - ring "Coczak" {rPois rF++ AC+4 Int+3 Stlth-}
MPRegen 0.16/turn

%: corrode self (3%), repel missiles, rampage, infuse magic (1 MP)
@: mighty, flying, studying 3 skills
A: horns 3, hurl damnation, ignite blood 3, powered by pain 3, torment
resistance 1, sharp scales 3, demonic willpower, clever 1, deterioration 1, low
MP 2, strong-willed 1
0: Orb of Zot
}: 3/15 runes: decaying, silver, gossamer
a: Hurl Damnation, Renounce Religion, Berserk, Trog's Hand, Brothers in Arms


You escaped.
You worshipped Trog.
Trog was exalted by your worship.
You visited 10 branches of the dungeon, and saw 50 of its levels.
You also visited: Ice Cave, Volcano, Wizlab and Desolation.

You collected 9620 gold pieces.
You spent 571 gold pieces at shops.

Inventory:

Hand Weapons
 f - a +5 broad axe of flaming
 A - the +4 great mace of Indomitability {antimagic, +Blink rF++ Int+2}
   (You found it on level 2 of the Crypt)

   Int:       It affects your intelligence (+2).
   rF:        It greatly protects you from fire.
   +Blink:    It lets you blink.
 D - a +4 executioner's axe of flaming
 V - a +9 vampiric executioner's axe (weapon)
Missiles
 s - 2 throwing nets
Armour
 a - +11 gold dragon scales (worn)
 w - a +2 cloak of preservation
 E - a +2 pair of gloves of infusion (worn)
 P - a +2 pair of boots of rampaging (worn)
 U - the +2 cloak of the Fife (worn) {*Corrode Str+4 Slay+3}
   (You found it in the Desolation of Salt)

   Str:       It affects your strength (+4).
   Slay:      It affects your accuracy & damage with ranged weapons and melee
   (+3).
   *Corrode:  It may corrode you when you take damage.
 W - a +0 tower shield
Jewellery
 e - the amulet "Apaley" {Reflect rF+ SH+5}
   (You found it on level 1 of the Dungeon)

   [amulet of reflection]

   It reflects blocked missile attacks.
   rF:        It protects you from fire.
   SH:        It affects your SH (+5).
 i - the ring of Ybaw {Ice Contam Str+2 Dex+3 Stlth+}
   (You took it off a yaktaur captain on level 5 of the Vaults)

   [ring of ice]

   It enhances your ice magic.
   Str:       It affects your strength (+2).
   Dex:       It affects your dexterity (+3).
   rF:        It makes you vulnerable to fire.
   rC:        It protects you from cold.
   Contam:    It causes magical contamination when unequipped.
   Stlth:     It makes you more stealthy.
 p - the amulet "Egiuv" {Acrobat +Inv rElec rF+}
   (You took it off a draconian shifter on level 3 of the Realm of Zot)

   [amulet of the acrobat]

   It increases your evasion while moving and waiting.
   rF:        It protects you from fire.
   rElec:     It insulates you from electricity.
   +Inv:      It lets you turn invisible.
 t - the amulet "Maudgh" {Spirit Slay+3}
   (You took it off a kobold on level 9 of the Dungeon)

   [amulet of guardian spirit]

   It causes incoming damage to be divided between your reserves of health and
   magic.
   Slay:      It affects your accuracy & damage with ranged weapons and melee
   (+3).
 y - the amulet of the Air (around neck) {Inacc Air Fly rElec RMsl}
   (You took it off an ogre mage on level 5 of the Vaults)

   [amulet of nothing]

   Inacc:     It reduces the accuracy of your attacks and spells.
   Air:       It enhances your air magic.
   rElec:     It insulates you from electricity.
   Fly:       It grants you flight.
   RMsl:      It protects you from missiles.
 C - the ring "Coczak" (right hand) {rPois rF++ AC+4 Int+3 Stlth-}
   (You found it on level 3 of the Elven Halls)

   [ring of protection]

   AC:        It affects your AC (+4).
   Int:       It affects your intelligence (+3).
   rF:        It greatly protects you from fire.
   rPois:     It protects you from poison.
   Stlth:     It makes you less stealthy.
 H - the amulet "Jam Geke" {Acrobat rPois rF- rN+++ Str+2}
   (You found it on level 1 of the Lair of Beasts)

   [amulet of the acrobat]

   It increases your evasion while moving and waiting.
   Str:       It affects your strength (+2).
   rF:        It makes you vulnerable to fire.
   rPois:     It protects you from poison.
   rN:        It renders you almost immune to negative energy.
 J - a ring of see invisible
 O - the ring "Heuqiosch" (left hand) {rPois rN+ Will+ rCorr Dex-5}
   (You found it on level 5 of the Vaults)

   [ring of willpower]

   Dex:       It affects your dexterity (-5).
   rPois:     It protects you from poison.
   rN:        It protects you from negative energy.
   rCorr:     It protects you from acid and corrosion.
   Will:      It increases your willpower.
Wands
 l - a wand of flame (87)
 r - a wand of paralysis (58)
 u - a wand of iceblast (57)
 B - a wand of digging (19)
 G - a wand of polymorph (6)
 N - a wand of mindburst (38)
 Q - a wand of quicksilver (29)
Scrolls
 c - 9 scrolls of vulnerability
 h - 10 scrolls of teleportation
 j - a scroll of immolation
 k - 3 scrolls of silence
 n - 5 scrolls of magic mapping (quivered)
 q - 47 scrolls of identify
 v - 5 scrolls of fear
 x - 2 scrolls of blinking
 F - a scroll of acquirement
 I - 3 scrolls of poison
 L - 7 scrolls of fog
 R - 3 scrolls of torment
Potions
 b - 5 potions of flight
 d - 10 potions of ambrosia
 g - 26 potions of curing
 m - 11 potions of lignification
 o - 3 potions of mutation
 M - 5 potions of heal wounds
 T - 5 potions of might
Miscellaneous
 z - a condenser vane
 K - a phial of floods


   Skills:
 * Level 24.6 Fighting
 - Level 24.0 Axes
 - Level 13.1 Throwing
 + Level 23.4 Armour
 + Level 22.0 Dodging


You had 26 spell levels left.
You didn't know any spells.
Your spell library was empty.

Dungeon Overview and Level Annotations

Branches:
Dungeon (15/15)            Temple (0/1) D:7            Lair (5/5) D:10
  Swamp (4/4) Lair:3       Spider (4/4) Lair:2        Slime (0/5) Lair:4
    Orc (2/2) D:11            Elf (3/3) Orc:2        Vaults (5/5) D:13
  Crypt (3/3) Vaults:3       Tomb (0/3) Crypt:3      Depths (4/4) D:15
    Zot (5/5) Depths:4      IceCv (visited)         Volcano (visited)
 WizLab (visited)         Desolation (visited)

Altars:
Fedhas
Hepliaklqana
Kikubaaqudgha
Makhleb
Nemelex Xobeh
Okawaru
Qazlal
Sif Muna
Trog
Uskayaw
Vehumet
Xom
Yredelemnul
Jiyva

Shops:
D:9 :   D:10 [   Orc:1 ?!((*   Orc:2 !*(?   Elf:2 :   Elf:3 :

Portals:
Hell: Depths:1 Depths:2 Depths:3 Depths:4
Abyss: Depths:3 Depths:4
Pandemonium: Depths:2
Ziggurat: Depths:4
Trove: Vaults:4 (give 2 scrolls of acquirement)

Annotations:
Lair:5 3 runed translucent doors, Xrynn's ghost, journeyman SpEn
Swamp:1 2 transporters, exclusion: orange crystal statue
Swamp:2 exclusion: 2 lightning spires
Zot:3 1 transporter


Innate Abilities, Weirdness & Mutations

You have a pair of large horns on your head.
You can hurl damnation.
Your demonic aura causes all spilled blood to erupt in flames.
You are powered by pain.
You are resistant to unholy torment.
You are completely covered in razor-sharp scales. (AC +3, Slay +3)
You punish those that try to bend your will. (Will+)
Your mind is acute. (Int +4, Str/Dex -1)
Your body sometimes deteriorates upon taking damage.
Your magical capacity is very low. (-20% MP)
You are strong-willed. (Will+)


Message History

There is a stone staircase leading up here.
You fly upwards.
There is a stone staircase leading down here.
HP restored.
There is a stone staircase leading up here.
There is a stone staircase leading up here.
You fly upwards.
There is a stone staircase leading down here.
There is an open door here.
There is a stone staircase leading up here.
You fly upwards.
There is a stone staircase leading down here.
There is a stone staircase leading up here.
You fly upwards.
There is a stone staircase leading down here.
A smoke demon comes into view.
The smoke demon roars!
The smoke demon gestures at you. Something smites you!
You feel a little less mighty now.
A smoke demon is nearby!
The smoke demon gestures at you. Something smites you!
A smoke demon is nearby!
A smoke demon is nearby!
A smoke demon is nearby!
There is a stone staircase leading up here.
You fly upwards.
There is a stone staircase leading down here.
There is a stone staircase leading up here.
You fly upwards.
There is a stone staircase leading down here.
HP restored.
A smoke demon comes into view.
The smoke demon roars!
The smoke demon gestures at you. Something smites you!
You focus on the pain.
You feel very mighty all of a sudden.
There is a staircase leading out of the dungeon here.
You have escaped!

....###..#.##.)..# #.# ...##
##.#.##....# #.# ..## #.#.#####3#
#.# .## #.#.# ##># #.#
.#######.#.# #3## #.#
.........#.# #.# #.#
##########.####'### #.# ########
#.......># #.# .......#
#.#....@.# #.# ######.#
#.#......# #.# #
####.###.########### #.. #
#........##.##.##..# #.#
###.#####..##.##.##..##########.#
....# #.......................#
##..# #........##########.#####
#..# #.#......)..........#
#..#####.#.....#############


You could see a smoke demon.

Vanquished Creatures
  A seraph (Zot:5)
  4 ancient liches
  11 orbs of fire
  4 dread liches
  Mennas (Depths:4)
  A juggernaut (Depths:4)
  2 royal mummies (Depths:3)
  Parghit (Depths:4)
  7 Killer Klowns
  2 curse toes
  10 golden dragons
  the Enchantress (Depths:2)
  Arachne (Spider:4)
  A spectral shard shrike (Crypt:3)
  Jorgrun (D:14)
  3 electric golems
  11 tentacled monstrosities
  5 liches
  3 titans
  9 quicksilver dragons
  A deep elf blademaster (Elf:3)
  28 Orb Guardians
  3 deep elf master archers (Elf:3)
  2 ancient champions
  9 death cobs
  The ghost of viagra the Slayer, an adept MiBe of Trog (Swamp:2)
  10 sphinxes
  Gastronok (Lair:1)
  A thorn hunter (Swamp:3)
  4 tengu reavers
  Kirke (Swamp:1)
  14 storm dragons
  3 revenants
  7 draconian monks
  Donald (Swamp:3)
  A daeva (Zot:5)
  5 draconian scorchers
  7 draconian knights
  5 shadow dragons
  3 emperor scorpions
  13 vault wardens
  10 deep elf sorcerers
  An iron dragon (Vaults:4)
  10 fire giants
  3 imperial myrmidons (Desolation)
  8 frost giants
  15 ghost moths
  Aizul (Crypt:1)
  A juggernaut zombie (Crypt:3)
  A spectral juggernaut (Crypt:3)
  7 draconian annihilators
  4 curse skulls
  11 ghouls
  8 draconian shifters
  A reaper (Crypt:3)
  An orc warlord (D:11)
  13 ironbound preservers
  A war gargoyle (Vaults:4)
  3 draconian stormcallers
  2 broodmothers
  4 deep elf elementalists (Elf:3)
  13 very ugly things
  8 spriggan defenders
  2 caustic shrike skeletons (Crypt:1)
  17 stone giants
  9 ironbound thunderhulks
  2 eleionomae
  6 yellow draconians
  8 vampire knights
  A lorocyproca (Depths:1)
  9 black draconians
  10 deep elf annihilators
  2 halazid warlocks (Desolation)
  18 dire elephants
  6 deep elf demonologists
  13 green draconians
  2 bunyips
  13 red draconians
  The ghost of RussellQuine the Cleaver, a journeyman MiBe of Trog (Lair:2)
  13 purple draconians
  11 spark wasps
  4 mummy priests (Depths:3)
  13 white draconians
  Snorg (D:14)
  2 green deaths (Swamp:4)
  6 eidola
  9 jiangshi
  Josephine (D:12)
  18 ettins
  22 yaktaur captains
  4 crystal guardians
  5 deep elf death magi
  3 ragged hierophants (Desolation)
  9 deep elf high priests
  7 great orbs of eyes
  6 fire dragons
  3 entropy weavers
  12 ice dragons
  11 peacekeepers
  A shambling mangrove (Swamp:4)
  3 rakshasas
  2 hell beasts
  8 servants of whispers (Desolation)
  4 ogre magi
  9 hydras
  2 jorogumos
  2 catoblepae
  A spectral stone giant (Crypt:3)
  32 vault guards
  13 ironbound frosthearts
  2 radroaches
  4 boulder beetles
  23 dancing weapons
  6 death yaks (IceCv)
  4 ghost crabs
  10 two-headed ogres
  A death knight (Crypt:1)
  7 centaur warriors
  4 spriggan air magi
  14 alligators
  7 tengu warriors
  A satyr (shapeshifter) (Vaults:5)
  11 deep troll earth magi
  8 spriggan berserkers
  2 thrashing horrors (Swamp:4)
  A hell hog (Depths:3)
  3 deep troll shamans
  7 vampire magi
  4 soul eaters
  3 hell knights
  3 orc high priests (Orc:2)
  10 deep elf knights
  2 titan zombies
  A titan skeleton (Depths:1)
  2 skysharks
  4 pharaoh ants
  18 skeletal warriors
  5 goliath frogs
  6 spriggan druids
  11 iron trolls
  5 swamp dragons
  7 orb spiders
  A shadow demon (Depths:2)
  15 shadow wraiths
  A sun moth (Spider:3)
  A cherub (Zot:5)
  6 glowing orange brains
  54 deep trolls
  9 deep elf archers
  9 wizards
  5 flayed ghosts
  30 phantasmal warriors
  A steelbarb worm (shapeshifter) (Depths:4)
  A sea snake (shapeshifter) (Vaults:5)
  17 bog bodies
  A tengu zombie (Depths:1)
  31 deep elf pyromancers
  10 lindwurms
  5 harpies (Vaults:1)
  A tengu skeleton (Depths:1)
  25 ironbound convokers
  9 steelbarb worms
  4 necromancers
  A sphinx zombie (Crypt:3)
  8 orc sorcerers
  21 wolf spiders
  26 ugly things
  A shadow dragon skeleton (Crypt:2)
  5 orc knights
  26 deep elf zephyrmancers
  A spectral ettin (Crypt:3)
  6 spectral spriggans (Swamp:2)
  7 will-o-the-wisps
  5 cyclopes
  38 moths of wrath
  A manticore (D:13)
  A large abomination (Swamp:4)
  An elephant (Lair:1)
  Maurice (D:9)
  A stone giant skeleton (Crypt:2)
  2 frost giant skeletons
  A rust devil (Depths:2)
  5 demonic crawlers
  3 molten gargoyles
  12 vault sentinels
  A centaur zombie (Crypt:2)
  10 cane toads
  An ice statue (IceCv)
  7 black mambas
  An alligator snapping turtle zombie (Crypt:2)
  A smoke demon (Zot:3)
  10 torpor snails
  2 orange demons (Swamp:4)
  2 gargoyles
  A cane toad (shapeshifter) (D:15)
  8 komodo dragons
  3 kobold demonologists
  An unseen horror (D:10)
  An efreet (D:10)
  47 yaktaurs
  2 tengu conjurers (D:13)
  2 ice devils
  5 freezing wraiths
  4 rime drakes
  2 red devils
  12 polar bears
  2 guardian mummies (Depths:3)
  A spectral harpy (Crypt:3)
  9 trolls
  A queen bee (shapeshifter) (D:12)
  2 meliai
  22 hornets
  3 bloated husks
  13 tyrant leeches
  A tarantella zombie (Crypt:3)
  A raiju (shapeshifter) (D:15)
  13 tarantellas
  A meliai zombie (Crypt:1)
  4 dream sheep (Lair:4)
  41 saltlings (Desolation)
  6 blink frogs
  An ettin zombie (Crypt:2)
  12 culicivoras
  2 boulder beetle zombies
  9 flying skulls (Crypt:3)
  A culicivora (shapeshifter) (Vaults:5)
  33 slime creatures
  6 vampires
  21 spriggans
  A spriggan (shapeshifter) (D:13)
  An ettin skeleton (Crypt:1)
  16 jumping spiders
  2 water elementals
  14 shadows
  69 yaks
  2 basilisks
  A fire elemental (Elf:2)
  4 hogs (Swamp:1)
  17 wraiths
  5 wyverns
  38 redbacks
  A fire bat (Volcano)
  A golden eye (shapeshifter) (Elf:2)
  Grum (D:9)
  15 vampire mosquitoes
  19 swamp worms
  4 wargs
  5 two-headed ogre zombies (WizLab)
  2 acid dragons
  11 water moccasins
  A deep troll skeleton (Crypt:1)
  A hell hound (D:10)
  2 swamp drakes (Swamp:2)
  5 black bears
  26 orc warriors
  A two-headed ogre skeleton (Crypt:2)
  A hornet zombie (Crypt:1)
  5 boggarts
  10 ogres
  A snapping turtle skeleton (Crypt:3)
  30 wolves
  11 centaurs
  3 kobold brigands
  A rime drake zombie (Crypt:2)
  2 phantoms
  A vine stalker zombie (Crypt:1)
  10 bullfrogs
  4 necrophages
  A gnoll sergeant (D:5)
  2 earth elementals
  3 scorpions
  8 troll zombies
  13 wights
  A warg zombie (Crypt:3)
  4 howler monkeys (D:10)
  A spriggan skeleton (Crypt:2)
  A troll skeleton (Crypt:2)
  10 electric eels
  4 lava snakes
  6 hounds
  21 orc priests
  5 jellies
  A boggart zombie (Crypt:2)
  2 sleepcaps
  8 iguanas
  31 orc wizards
  4 hell rats (Lair:2)
  4 ogre zombies (WizLab)
  A human simulacrum (D:10)
  2 mummies (Depths:3)
  7 gnolls
  13 adders
  A white imp (D:6)
  An iguana zombie (Crypt:2)
  A worm (D:2)
  2 dart slugs
  85 orcs
  7 ball pythons
  8 endoplasms
  9 giant cockroaches
  7 hobgoblins
  4 jackals (D:4)
  27 kobolds
  4 quokkas
  7 bats
  2 frilled lizards (D:1)
  12 goblins
  A goblin skeleton (Crypt:1)
  2 orc skeletons (Crypt:3)
  4 rats
  4 spectral weapons
2299 creatures vanquished.

Vanquished Creatures (collateral kills)
  Nikola (Swamp:1)
  Louise (Swamp:1)
2 creatures vanquished.

Vanquished Creatures (others)
  A quicksilver dragon (Zot:3)
  A fire giant (Depths:3)
  A ghost moth (Zot:2)
  A vault warden (Vaults:5)
  A vampire knight (Depths:4)
  A swamp dragon (Swamp:4)
  4 bloated husks
  A swamp worm (Swamp:3)
  An ogre (Vaults:5)
  A human simulacrum (D:10)
  2 ball lightnings (Swamp:2)
  12 foxfires
27 creatures vanquished.

Grand Total: 2328 creatures vanquished

Notes
Turn   | Place    | Note
-------+----------+-------------------------------------------
     0 | D:1      | winkopee the Demonspawn Berserker began the quest for the
                  | Orb.
     0 | D:1      | Reached XP level 1. HP: 18/18 MP: 1/1
   110 | D:1      | Gained mutation: You sometimes gain a little power by
                  | taking damage. [demonic ancestry]
   110 | D:1      | Reached XP level 2. HP: 21/24 MP: 2/2
   322 | D:1      | Found a faded altar of an unknown god.
   351 | D:1      | Identified the amulet "Apaley" {Reflect rF+ SH+5}
   486 | D:1      | Identified a scroll of acquirement
   486 | D:1      | Acquired 999 gold pieces
  1056 | D:1      | Reached XP level 3. HP: 29/29 MP: 3/3
  1143 | D:2      | Reached ** piety under Trog
  1671 | D:2      | Gained mutation: You are partially covered in razor-sharp
                  | scales. (AC +1, Slay +1) [demonic ancestry]
  1671 | D:2      | Reached XP level 4. HP: 26/35 MP: 4/4
  2578 | D:4      | Reached *** piety under Trog
  2589 | D:4      | Reached XP level 5. HP: 37/42 MP: 5/5
  3005 | D:4      | Gained mutation: You sometimes gain power by taking damage.
                  | [demonic ancestry]
  3005 | D:4      | Reached XP level 6. HP: 48/48 MP: 6/6
  3421 | D:5      | Entered Level 5 of the Dungeon
  4023 | D:5      | Reached XP level 7. HP: 43/55 MP: 7/7
  4368 | D:5      | Found a bloodstained altar of Trog.
  4485 | D:5      | Reached skill level 5 in Fighting
  4526 | D:5      | Identified the +9 dagger "Dampuwic" {freeze, Drain Str+2
                  | Dex+2}
  4592 | D:5      | Found the +7 staff of the Meek {protect, meekguard}
  4713 | D:5      | Noticed a troll
  4721 | D:5      | Killed a troll
  4722 | D:5      | Reached skill level 5 in Axes
  4722 | D:5      | Gained mutation: Your demonic aura sometimes causes spilled
                  | blood to erupt in flames. [demonic ancestry]
  4722 | D:5      | Reached XP level 8. HP: 43/64 MP: 8/8
  5370 | D:6      | Reached skill level 5 in Armour
  5370 | D:6      | Reached skill level 5 in Dodging
  6182 | D:6      | Gained mutation: Your demonic aura often causes spilled
                  | blood to erupt in flames. [demonic ancestry]
  6182 | D:6      | Reached XP level 9. HP: 71/71 MP: 9/9
  6710 | D:7      | Found a staircase to the Ecumenical Temple.
  6831 | D:7      | Found a transporter.
  6834 | D:7      | Found a transporter.
  6840 | D:7      | Reached **** piety under Trog
  6902 | D:7      | Identified the +5 rapier "Irelargh" {heavy, rF+}
  7087 | D:7      | Found a stormy altar of Qazlal.
  7819 | D:8      | Identified the +0 plate armour of the Gloaming {rN+++ Will-
                  | Regen+ Dex+2}
  8382 | D:8      | Found an ancient bone altar of Kikubaaqudgha.
  8383 | D:8      | Found a blossoming altar of Fedhas.
  8632 | D:9      | Gained mutation: You have a pair of small horns on your
                  | head. [demonic ancestry]
  8632 | D:9      | Reached XP level 10. HP: 73/80 MP: 10/10
  8632 | D:9      | Identified the amulet "Maudgh" {Spirit Slay+3}
  8809 | D:9      | Noticed Grum
  8815 | D:9      | Killed Grum
  8947 | D:9      | Found Dikluza's Book Shop.
  9110 | D:9      | Found a sparkling altar of Nemelex Xobeh.
  9159 | D:9      | Noticed Maurice
  9172 | D:9      | Killed Maurice
  9378 | D:9      | Found a faded altar of an unknown god.
  9378 | D:9      | Found a radiant altar of Vehumet.
  9390 | D:9      | Found a faded altar of an unknown god.
  9434 | D:10     | Entered Level 10 of the Dungeon
  9478 | D:10     | Noticed a rust devil
  9529 | D:10     | Found Ceubbom's Armour Shoppe.
  9677 | D:10     | Found a staircase to the Lair.
  9682 | D:10     | Noticed a two-headed ogre
  9693 | D:10     | Killed a two-headed ogre
  9826 | D:10     | Found a shimmering altar of Xom.
  9890 | D:10     | Found an iron altar of Okawaru.
 10030 | D:10     | Gained mutation: Your demonic aura causes all spilled blood
                  | to erupt in flames. [demonic ancestry]
 10030 | D:10     | Reached XP level 11. HP: 89/89 MP: 11/11
 10309 | D:11     | Found a staircase to the Orcish Mines.
 10362 | D:11     | Reached ***** piety under Trog
 10602 | D:11     | Found a frozen archway.
 10603 | D:11     | Noticed an ice dragon
 10624 | D:11     | Killed an ice dragon
 10738 | IceCv    | Entered an ice cave
 10815 | IceCv    | Reached skill level 10 in Fighting
 10827 | IceCv    | Noticed a death yak
 10846 | IceCv    | Killed a death yak
 11018 | IceCv    | Reached XP level 12. HP: 87/98 MP: 10/12
 11081 | IceCv    | Noticed a death yak
 11082 | IceCv    | Noticed a death yak
 11082 | IceCv    | Noticed a death yak
 11089 | IceCv    | Killed a death yak
 11092 | IceCv    | Killed a death yak
 11094 | IceCv    | Killed a death yak
 11161 | IceCv    | Received a gift from Trog
 11400 | IceCv    | Noticed a death yak
 11400 | IceCv    | Noticed an ironbound frostheart
 11400 | IceCv    | Noticed an ironbound frostheart
 11400 | IceCv    | Noticed a death yak
 11406 | IceCv    | Killed a death yak
 11407 | IceCv    | Reached skill level 10 in Axes
 11410 | IceCv    | Killed an ironbound frostheart
 11413 | IceCv    | Killed an ironbound frostheart
 11414 | IceCv    | Reached skill level 10 in Dodging
 11418 | IceCv    | Killed a death yak
 11419 | IceCv    | Reached skill level 10 in Armour
 12202 | IceCv    | Acquired a manual of Armour
 12303 | D:11     | Identified the +5 short sword of Animal Spirits {vamp,
                  | Contam Str+3 SInv}
 12328 | D:11     | Found a hide-covered altar of Uskayaw.
 12661 | D:12     | Noticed a boulder beetle
 12901 | D:11     | Killed a boulder beetle
 12981 | D:12     | Noticed a two-headed ogre
 12989 | D:12     | Killed a two-headed ogre
 13158 | D:12     | Noticed Josephine
 13167 | D:12     | Killed Josephine
 13194 | D:12     | Reached XP level 13. HP: 66/107 MP: 8/13
 13802 | Lair:1   | Entered Level 1 of the Lair of Beasts
 14039 | Lair:1   | Identified the +3 leather armour of Vehumet's Hope {rF+
                  | Dex+2}
 14068 | Lair:1   | Noticed Gastronok
 14078 | Lair:1   | Killed Gastronok
 14648 | Lair:1   | Noticed a dire elephant
 14668 | Lair:1   | Found a runed translucent door.
 15114 | Lair:1   | Killed a dire elephant
 15570 | Lair:1   | Identified the amulet "Jam Geke" {Acrobat rPois rF- rN+++
                  | Str+2}
 15778 | Lair:2   | Found a large runed translucent door.
 15778 | Lair:2   | Found a large runed translucent door.
 15779 | Lair:2   | Noticed RussellQuine's ghost (journeyman MiBe)
 15797 | Lair:2   | Killed RussellQuine's ghost
 16417 | Lair:2   | Identified the +1 rapier of Sody {heavy, Dex+6}
 16463 | Lair:2   | Found a hole to the Spider Nest.
 17054 | Lair:3   | Found a staircase to the Swamp.
 17551 | Lair:4   | Identified the +1 chain mail "Nanuis" {MP+9}
 17924 | Lair:4   | Found a staircase to the Slime Pits.
 17926 | Lair:4   | Found a viscous altar of Jiyva.
 17932 | Lair:4   | Gained mutation: You have a pair of horns on your head.
                  | [demonic ancestry]
 17932 | Lair:4   | Reached XP level 14. HP: 116/116 MP: 14/14
 18519 | Lair:5   | Entered Level 5 of the Lair of Beasts
 18535 | Lair:5   | Received a gift from Trog
 19165 | Lair:5   | Found a runed translucent door.
 20031 | Lair:5   | Found a runed translucent gate.
 20031 | Lair:5   | Found a runed translucent gate.
 20031 | Lair:5   | Noticed an azure jelly
 20032 | Lair:5   | Found a runed translucent gate.
 20033 | Lair:5   | Noticed an acid blob
 20034 | Lair:5   | Noticed an acid blob
 20034 | Lair:5   | Noticed an azure jelly
 20034 | Lair:5   | Noticed Xrynn's ghost (journeyman SpEn)
 20035 | Lair:5   | Noticed an azure jelly
 20036 | Lair:5   | Noticed an azure jelly
 20046 | Lair:5   | Found a viscous altar of Jiyva.
 20710 | Orc:1    | Entered Level 1 of the Orcish Mines
 20711 | Orc:1    | Noticed an orc warlord
 20769 | D:11     | Killed an orc warlord
 21017 | Orc:1    | Found Muyj's Distillery.
 21072 | Orc:1    | Found Waossow's Antique Weapon Boutique.
 21074 | Orc:1    | Found Zoesom's Magic Scroll Emporium.
 21090 | Orc:1    | Found Appyon's General Store.
 21101 | Orc:1    | Bought a scroll of blinking for 127 gold pieces
 21118 | Orc:1    | Bought a scroll of blinking for 97 gold pieces
 21118 | Orc:1    | Bought a scroll of immolation for 52 gold pieces
 21118 | Orc:1    | Bought a scroll of blinking for 97 gold pieces
 21204 | Orc:1    | Found Mitaint's Weapon Shoppe.
 21460 | Orc:2    | Entered Level 2 of the Orcish Mines
 21499 | Orc:2    | Reached ****** piety under Trog
 21499 | Orc:2    | Received a gift from Trog
 21531 | Orc:2    | Found a dark tunnel.
 21550 | Volcano  | Entered a volcano
 21646 | Volcano  | Found a bloodstained altar of Trog.
 22618 | Orc:2    | Found a staircase to the Elven Halls.
 22678 | Orc:2    | Found Cotyfiem's Magic Scroll Boutique.
 23162 | Orc:2    | Gained mutation: You have a pair of large horns on your
                  | head. [demonic ancestry]
 23162 | Orc:2    | Reached XP level 15. HP: 106/125 MP: 15/15
 23214 | Orc:2    | Found Boick's Weapon Boutique.
 23215 | Orc:2    | Found Fueten's Assorted Antiques.
 23215 | Orc:2    | Found Useg's Distillery.
 23235 | Orc:2    | Bought a scroll labelled CIR OR HYT for 33 gold pieces
 23235 | Orc:2    | Bought a sapphire ring for 165 gold pieces
 23631 | D:13     | Reached skill level 15 in Armour
 23846 | D:13     | Found a gate to the Vaults.
 24484 | D:14     | Noticed Snorg
 24492 | D:14     | Killed Snorg
 24626 | D:14     | Noticed Jorgrun
 24635 | D:14     | Killed Jorgrun
 24736 | D:14     | Found the +8 storm bow {elec, penet}
 25067 | D:14     | Found a hazy altar of Hepliaklqana.
 25251 | D:15     | Entered Level 15 of the Dungeon
 25313 | D:15     | Received a gift from Trog
 25521 | D:15     | Found a shimmering altar of Xom.
 25852 | D:15     | Found a staircase to the Depths.
 26610 | Swamp:1  | Entered Level 1 of the Swamp
 26812 | Swamp:1  | Noticed Kirke
 26830 | Swamp:1  | Killed Kirke
 26837 | Swamp:1  | Gained mutation: You are mostly covered in razor-sharp
                  | scales. (AC +2, Slay +2) [demonic ancestry]
 26837 | Swamp:1  | Reached XP level 16. HP: 81/131 MP: 7/16
 27532 | Swamp:1  | Noticed Nikola
 27544 | Swamp:1  | Killed Nikola
 27557 | Swamp:1  | Noticed Louise
 27559 | Swamp:1  | Killed Louise
 27589 | Swamp:1  | Noticed a thorn hunter
 27594 | Swamp:1  | Noticed a tentacled monstrosity
 27595 | Swamp:1  | Found a transporter.
 27595 | Swamp:1  | Noticed a thorn hunter
 27603 | Swamp:1  | Identified the ring of Secrets {rElec rN+ rCorr Dex-2}
 27610 | Swamp:1  | Noticed a tentacled monstrosity
 27613 | Swamp:1  | Found a transporter.
 27887 | Swamp:2  | You fall into a shaft and drop 1 floor!
 27932 | Swamp:3  | Received a gift from Trog
 27933 | Swamp:3  | Reached skill level 15 in Fighting
 28072 | Swamp:3  | Noticed a thorn hunter
 28082 | Swamp:3  | Killed a thorn hunter
 28633 | Swamp:3  | Reached skill level 15 in Axes
 29179 | Swamp:3  | Noticed Donald
 29190 | Swamp:3  | Killed Donald
 29686 | Swamp:2  | Noticed viagra's ghost (adept MiBe)
 29686 | Swamp:2  | Found a runed translucent gate.
 29686 | Swamp:2  | Found a runed translucent gate.
 29686 | Swamp:2  | Found a runed translucent gate.
 29831 | Swamp:2  | Killed viagra's ghost
 31887 | Swamp:4  | Entered Level 4 of the Swamp
 31916 | Swamp:4  | Received a gift from Trog
 32251 | Swamp:4  | Gained mutation: You are completely covered in razor-sharp
                  | scales. (AC +3, Slay +3) [demonic ancestry]
 32251 | Swamp:4  | Reached XP level 17. HP: 96/143 MP: 17/17
 32976 | Swamp:4  | Received a gift from Trog
 33045 | Swamp:4  | Got a decaying rune of Zot
 34226 | Spider:1 | Entered Level 1 of the Spider Nest
 35885 | Spider:2 | Received a gift from Trog
 38142 | Spider:4 | Entered Level 4 of the Spider Nest
 38153 | Spider:4 | Reached skill level 15 in Dodging
 38168 | Spider:4 | Reached XP level 18. HP: 129/153 MP: 2/18
 38388 | Spider:4 | Received a gift from Trog
 39104 | Spider:4 | Got a gossamer rune of Zot
 39106 | Spider:4 | Reached XP level 19. HP: 159/159 MP: 19/19
 39226 | Spider:4 | Noticed Arachne
 39231 | Spider:4 | Killed Arachne
 40970 | Depths:1 | Entered Level 1 of the Depths
 41427 | Depths:1 | Received a gift from Trog
 41730 | Depths:1 | You fall into a shaft and drop 1 floor!
 41841 | Depths:2 | Found a one-way gate leading to the halls of Pandemonium.
 41841 | Depths:2 | Noticed the Enchantress
 41864 | Depths:1 | Found a gateway to Hell.
 42699 | Depths:1 | Found the +11 Singing Sword {sonic wave}
 42930 | Depths:1 | Found a shimmering blue altar of Sif Muna.
 43210 | Depths:2 | Received a gift from Trog
 43276 | Depths:2 | Killed the Enchantress
 43461 | Depths:2 | Gained mutation: You are powered by pain. [demonic
                  | ancestry]
 43461 | Depths:2 | Reached XP level 20. HP: 168/170 MP: 20/20
 44217 | Depths:3 | Reached skill level 1 in Throwing
 44264 | Depths:3 | Paralysed by something for 2 turns
 44646 | Depths:3 | Reached skill level 5 in Throwing
 44708 | Depths:3 | Found a one-way gate to the infinite horrors of the Abyss.
 44744 | Depths:3 | Received a gift from Trog
 44962 | Depths:3 | Found an iron altar of Okawaru.
 45415 | Depths:3 | Noticed a royal mummy
 45424 | Depths:3 | Killed a royal mummy
 45455 | Depths:3 | Noticed a royal mummy
 45469 | Depths:3 | Killed a royal mummy
 46210 | Depths:4 | Entered Level 4 of the Depths
 46243 | Depths:4 | Found a one-way gateway to a ziggurat.
 46244 | Depths:4 | Noticed Mennas
 46258 | Depths:4 | Killed Mennas
 46581 | Depths:4 | Found a burning altar of Makhleb.
 46785 | Depths:4 | Paralysed by something for 2 turns
 46791 | Depths:4 | Found a gate to the Realm of Zot.
 47404 | Depths:4 | Noticed Parghit
 47413 | Depths:4 | Killed Parghit
 47414 | Depths:4 | Reached skill level 10 in Throwing
 47496 | Depths:4 | Received a gift from Trog
 47562 | Depths:4 | Noticed a juggernaut
 47570 | Depths:4 | Killed a juggernaut
 47571 | Depths:4 | Reached XP level 21. HP: 179/179 MP: 13/21
 48377 | Vaults:1 | Entered Level 1 of the Vaults
 48672 | Vaults:1 | Received a gift from Trog
 50738 | Vaults:2 | Received a gift from Trog
 50755 | Vaults:2 | Found the +8 orange crystal plate armour {Archmagi, Int+3
                  | Clar}
 51711 | Vaults:3 | Identified the +1 morningstar "Inakhea" {heavy, rF+ rCorr
                  | Str+3 Int+4}
 51846 | Vaults:3 | Found a staircase to the Crypt.
 51846 | Vaults:3 | Found an ancient bone altar of Kikubaaqudgha.
 51847 | Vaults:3 | Found a basalt altar of Yredelemnul.
 51866 | Vaults:3 | Gained mutation: You punish those that try to bend your
                  | will. (Will+) [demonic ancestry]
 51866 | Vaults:3 | Reached XP level 22. HP: 188/189 MP: 22/22
 52165 | Vaults:3 | Received a gift from Trog
 52645 | Vaults:4 | Found a portal to a secret trove of treasure.
 52782 | Vaults:4 | Found a magical portal.
 52804 | WizLab   | Entered Zonguldrok's Shrine
 52885 | WizLab   | Received a gift from Trog
 53157 | WizLab   | Noticed an antique lich
 53170 | WizLab   | Killed an antique lich
 53175 | WizLab   | Found the +9 sword of Zonguldrok {reap}
 55009 | Elf:1    | Entered Level 1 of the Elven Halls
 56299 | Elf:2    | Found Duecies's Book Boutique.
 56335 | Elf:2    | Found a crumbling gateway.
 56349 | Desolati | Entered the Desolation of Salt
 56435 | Desolati | Identified the +2 cloak of the Fife {*Corrode Str+4 Slay+3}
 56477 | Desolati | Identified the +9 halberd "Niofupn" {spect, rPois Dex+6}
 56599 | Desolati | Identified the +6 great sword "Tormentor" {flame, rPois
                  | Str+4 Dex-3}
 56620 | Desolati | Received a gift from Trog
 56658 | Desolati | Identified the +2 ring mail "Watiroj" {Harm Will- MP+9
                  | Int+2}
 56714 | Desolati | Identified the +0 fire dragon scales of the Doldrums {rF++
                  | rC- Str+4}
 56786 | Desolati | Gained mutation: You are resistant to unholy torment.
                  | [demonic ancestry]
 56786 | Desolati | Reached XP level 23. HP: 198/198 MP: 23/23
 56800 | Desolati | Found the +2 hat of the Bear Spirit {Spirit, Bear, *Rage
                  | Will++}
 57362 | Elf:2    | Found a runed translucent gate.
 57362 | Elf:2    | Found a runed translucent gate.
 57364 | Elf:2    | Found a runed translucent gate.
 57772 | Elf:2    | Received a gift from Trog
 58278 | Elf:3    | Entered Level 3 of the Elven Halls
 58405 | Elf:3    | Found Jagui's Book Emporium.
 58624 | Elf:3    | Received a gift from Trog
 59138 | Elf:3    | Received a gift from Trog
 59365 | Elf:3    | Identified the ring "Coczak" {rPois rF++ AC+4 Int+3 Stlth-}
 59482 | Elf:3    | Identified the ring "Xonolip" {rPois rN+ rCorr Str+3
                  | Slay-3}
 59499 | Elf:3    | Identified the amulet "Toup" {Spirit Str+2}
 59518 | Elf:3    | Identified the +3 arbalest of the Imbibing Enemy {elec,
                  | Will+ Int+3 Dex+3}
 59998 | Elf:3    | Identified the amulet of the Centipede {Acrobat Str+3
                  | Int+2}
 60082 | Elf:3    | Identified the +1 flail of the Warrior {freeze, rN+ Will+}
 60503 | Vaults:5 | Entered Level 5 of the Vaults
 60742 | Vaults:5 | Identified the ring of Ybaw {Ice Contam Str+2 Dex+3 Stlth+}
 60785 | Vaults:5 | Noticed a dread lich
 60786 | Vaults:5 | Noticed an ancient lich
 60793 | Vaults:4 | Received a gift from Trog
 60902 | Vaults:5 | Identified the +11 short sword "Cikoe" {holy, rElec rPois
                  | rF+ Dex+3}
 60903 | Vaults:5 | Killed a dread lich
 60905 | Vaults:5 | Reached XP level 24. HP: 208/208 MP: 21/23
 60910 | Vaults:5 | Killed an ancient lich
 61310 | Vaults:5 | Identified the ring "Naoc" {MP+9 Int+5 Stlth+}
 61310 | Vaults:5 | Identified the +1 robe of Baldness {rF+ Str+3}
 61310 | Vaults:5 | Identified the amulet of Sitaas {Reflect Int+3 SH+5}
 61350 | Vaults:5 | Identified the ring "Heuqiosch" {rPois rN+ Will+ rCorr
                  | Dex-5}
 61583 | Vaults:5 | Received a gift from Trog
 61835 | Vaults:5 | Got a silver rune of Zot
 62824 | Zot:1    | Entered Level 1 of the Realm of Zot
 63376 | Zot:1    | HP: 7/210 [something/bolt of lightning (10)]
 63376 | Zot:1    | HP: 2/210 [storm dragon/bolt of lightning (5)]
 63665 | Zot:1    | You are sucked into a shaft and drop 1 floor!
 63672 | Zot:2    | Noticed an orb of fire
 63674 | Zot:2    | Noticed a Killer Klown
 63686 | Zot:2    | Killed an orb of fire
 63689 | Zot:2    | Received a gift from Trog
 64161 | Zot:2    | Killed a Killer Klown
 65025 | Zot:3    | Found a transporter.
 65029 | Zot:3    | Found a transporter.
 65029 | Zot:3    | Noticed an ancient lich
 65318 | Zot:3    | Identified the amulet "Egiuv" {Acrobat +Inv rElec rF+}
 65336 | Zot:3    | Found a transporter.
 65341 | Zot:3    | Found a transporter.
 65358 | Zot:3    | Found a transporter.
 65430 | Zot:3    | Gained mutation: You can hurl damnation. [demonic ancestry]
 65430 | Zot:3    | Reached XP level 25. HP: 217/217 MP: 18/23
 65723 | Zot:3    | Killed an ancient lich
 66021 | Zot:3    | Identified the +3 plate armour of the Shoals {Regen+ Str+6
                  | Stlth+}
 66805 | Zot:4    | Noticed an orb of fire
 66806 | Zot:4    | Noticed an ancient lich
 66806 | Zot:4    | Noticed a Killer Klown
 66812 | Zot:3    | Received a gift from Trog
 67184 | Zot:4    | Noticed a dread lich
 67195 | Zot:3    | Killed an orb of fire
 67460 | Zot:3    | Killed a dread lich
 67720 | Zot:4    | Killed an ancient lich
 67968 | Zot:3    | Killed a Killer Klown
 68681 | Zot:4    | Found the +27 heavy crossbow "Sniper" {heavy, Acc+∞ SInv}
 69955 | Zot:5    | Entered Level 5 of the Realm of Zot
 70468 | Zot:5    | Noticed a dread lich
 70471 | Zot:5    | Noticed a dread lich
 70471 | Zot:5    | Noticed an orb of fire
 70480 | Zot:5    | Noticed an orb of fire
 70481 | Zot:5    | Noticed an orb of fire
 70481 | Zot:5    | Noticed an orb of fire
 70486 | Zot:5    | Killed a dread lich
 70487 | Zot:5    | Noticed an orb of fire
 70489 | Zot:5    | Noticed an orb of fire
 70490 | Zot:5    | Noticed an orb of fire
 70492 | Zot:5    | Killed an orb of fire
 70502 | Zot:5    | Gained mutation: Your flesh is heat resistant. (rF+) [an
                  | orb of fire]
 70508 | Zot:5    | Killed an orb of fire
 70513 | Zot:5    | Gained mutation: Armour fits poorly on your strangely
                  | shaped body. [an orb of fire]
 70514 | Zot:5    | Gained mutation: You occasionally lose the ability to drink
                  | potions when taking damage. [an orb of fire]
 70523 | Zot:5    | Gained mutation: Your magical capacity is low. (-10% MP)
                  | [an orb of fire]
 70528 | Zot:4    | Gained mutation: Your body sometimes deteriorates upon
                  | taking damage. [an orb of fire]
 70534 | Zot:4    | Gained mutation: You sometimes lose the ability to drink
                  | potions when taking damage. [an orb of fire]
 70538 | Zot:4    | Lost mutation: Your flesh is heat resistant. (rF+) [an orb
                  | of fire]
 70540 | Zot:4    | Gained mutation: You are weak. (Str -2) [an orb of fire]
 70541 | Zot:4    | Killed a dread lich
 70545 | Zot:4    | Killed an orb of fire
 70546 | Zot:4    | Reached XP level 26. HP: 40/227 MP: 0/20
 70546 | Zot:4    | Gained mutation: You expend magic power (3 MP) to
                  | strengthen your wands. [an orb of fire]
 70547 | Zot:4    | Gained mutation: You are agile. (Dex +4, Str/Int -1) [an
                  | orb of fire]
 70549 | Zot:4    | Killed an orb of fire
 71091 | Zot:4    | Lost mutation: You sometimes lose the ability to drink
                  | potions when taking damage. [potion of mutation]
 71091 | Zot:4    | Lost mutation: Armour fits poorly on your strangely shaped
                  | body. [potion of mutation]
 71091 | Zot:4    | Lost mutation: You occasionally lose the ability to drink
                  | potions when taking damage. [potion of mutation]
 71091 | Zot:4    | Gained mutation: You have large cloven feet. [potion of
                  | mutation]
 71091 | Zot:4    | Gained mutation: Your spells are a little harder to cast,
                  | but a little more powerful. [potion of mutation]
 71091 | Zot:4    | Gained mutation: Your flesh is cold resistant. (rC+)
                  | [potion of mutation]
 71091 | Zot:4    | Gained mutation: You are covered in fur. (AC +1) [potion of
                  | mutation]
 71102 | Zot:4    | Gained mutation: You are very weak. (Str -4) [an orb of
                  | fire]
 71108 | Zot:4    | Gained mutation: You are frail. (-10% HP) [an orb of fire]
 71110 | Zot:4    | Gained mutation: You are vulnerable to heat. (rF-) [an orb
                  | of fire]
 71113 | Zot:4    | Killed an orb of fire
 71113 | Zot:4    | Gained mutation: Armour fits poorly on your strangely
                  | shaped body. [an orb of fire]
 71118 | Zot:4    | Killed an orb of fire
 71119 | Zot:4    | Killed an orb of fire
 71278 | Zot:4    | Lost mutation: You are covered in fur. (AC +1) [potion of
                  | mutation]
 71278 | Zot:4    | Lost mutation: You are vulnerable to heat. (rF-) [potion of
                  | mutation]
 71278 | Zot:4    | Gained mutation: You have hidden genetic potential. [potion
                  | of mutation]
 71279 | Zot:4    | Lost mutation: Your magical capacity is low. (-10% MP)
                  | [potion of mutation]
 71279 | Zot:4    | Lost mutation: You are agile. (Dex +4, Str/Int -1) [potion
                  | of mutation]
 71280 | Zot:4    | Lost mutation: Your flesh is cold resistant. (rC+) [potion
                  | of mutation]
 71280 | Zot:4    | Lost mutation: You are frail. (-10% HP) [potion of
                  | mutation]
 71281 | Zot:4    | Lost mutation: Armour fits poorly on your strangely shaped
                  | body. [potion of mutation]
 71281 | Zot:4    | Lost mutation: Your spells are a little harder to cast, but
                  | a little more powerful. [potion of mutation]
 71281 | Zot:4    | Gained mutation: You have great hidden genetic potential.
                  | [potion of mutation]
 71316 | Zot:5    | Noticed an orb of fire
 71321 | Zot:5    | Gained mutation: You are vulnerable to heat. (rF-) [an orb
                  | of fire]
 71324 | Zot:5    | Killed an orb of fire
 71354 | Zot:4    | Lost mutation: You are very weak. (Str -4) [potion of
                  | mutation]
 71354 | Zot:4    | Lost mutation: Your body sometimes deteriorates upon taking
                  | damage. [potion of mutation]
 71354 | Zot:4    | Gained mutation: You are frail. (-10% HP) [potion of
                  | mutation]
 71354 | Zot:4    | Gained mutation: You have a somewhat thin skeletal
                  | structure. (Dex +2, Stealth+) [potion of mutation]
 71355 | Zot:4    | Lost mutation: You have great hidden genetic potential.
                  | [potion of mutation]
 71355 | Zot:4    | Lost mutation: You are frail. (-10% HP) [potion of
                  | mutation]
 71355 | Zot:4    | Lost mutation: You expend magic power (3 MP) to strengthen
                  | your wands. [potion of mutation]
 71355 | Zot:4    | Gained mutation: You are clumsy. (Dex -2) [potion of
                  | mutation]
 71356 | Zot:4    | Lost mutation: You have hidden genetic potential. [potion
                  | of mutation]
 71356 | Zot:4    | Lost mutation: You are clumsy. (Dex -2) [potion of
                  | mutation]
 71356 | Zot:4    | Lost mutation: You have a somewhat thin skeletal structure.
                  | (Dex +2, Stealth+) [potion of mutation]
 71356 | Zot:4    | Gained mutation: Your mind is acute. (Int +4, Str/Dex -1)
                  | [potion of mutation]
 71356 | Zot:4    | Gained mutation: You possess an exceptional clarity of
                  | mind. [potion of mutation]
 71357 | Zot:4    | Lost mutation: You are weak. (Str -2) [potion of mutation]
 71357 | Zot:4    | Lost mutation: You have large cloven feet. [potion of
                  | mutation]
 71357 | Zot:4    | Lost mutation: You possess an exceptional clarity of mind.
                  | [potion of mutation]
 71357 | Zot:4    | Gained mutation: Your body sometimes deteriorates upon
                  | taking damage. [potion of mutation]
 71357 | Zot:4    | Gained mutation: You occasionally lose the ability to read
                  | scrolls when taking damage. [potion of mutation]
 71358 | Zot:4    | Lost mutation: Your body sometimes deteriorates upon taking
                  | damage. [potion of mutation]
 71358 | Zot:4    | Lost mutation: You occasionally lose the ability to read
                  | scrolls when taking damage. [potion of mutation]
 71358 | Zot:4    | Lost mutation: You are vulnerable to heat. (rF-) [potion of
                  | mutation]
 71358 | Zot:4    | Gained mutation: Your body sometimes deteriorates upon
                  | taking damage. [potion of mutation]
 71358 | Zot:4    | Gained mutation: Your magical capacity is low. (-10% MP)
                  | [potion of mutation]
 71358 | Zot:4    | Gained mutation: Your magical capacity is very low. (-20%
                  | MP) [potion of mutation]
 72292 | Zot:5    | Noticed an orb of fire
 72299 | Zot:5    | Gained mutation: You are strong-willed. (Will+) [an orb of
                  | fire]
 72303 | Zot:5    | Killed an orb of fire
 72899 | Crypt:1  | Entered Level 1 of the Crypt
 72976 | Crypt:1  | Noticed Aizul
 72983 | Crypt:1  | Killed Aizul
 74022 | Crypt:1  | Received a gift from Trog
 74778 | Crypt:2  | Identified the +4 great mace of Indomitability {antimagic,
                  | +Blink rF++ Int+2}
 75594 | Crypt:3  | Entered Level 3 of the Crypt
 75727 | Crypt:3  | Found a staircase to the Tomb.
 76359 | Crypt:3  | Received a gift from Trog
 76629 | Crypt:3  | Found an ancient bone altar of Kikubaaqudgha.
 76687 | Crypt:3  | Reached XP level 27. HP: 238/238 MP: 8/18
 77053 | Crypt:3  | Identified the staff of conjuration "Kaysa" {rElec rF+}
 77328 | Crypt:3  | Identified the ring of Reelet {rCorr Dex+6}
 78057 | Zot:5    | Got the Orb of Zot
 78067 | Zot:5    | Noticed a seraph
 78069 | Zot:5    | Identified the +1 tower shield of Komous {rElec rN+}
 78072 | Zot:5    | Identified the +3 buckler of Fetieski {rC+}
 78076 | Zot:5    | Killed a seraph
 78371 | D:11     | Noticed Qah Aden the pandemonium lord
 78504 | D:8      | Noticed Anaotee the pandemonium lord
 78670 | D:$      | Escaped with the Orb!

Illustrated notes

Levels and vault maps discovered:
D:1:      dpeg_arrival_connections, layout_loops_ring,
          hellmonk_ecumenical_altar_lost_god
D:2:      layout_loops_ring, minmay_worlds_worst_comb
D:3:      layout_basic
D:4:      layout_loops_ring, minmay_parallelograms,
          amcnicky_mini_corridor_feature
D:5:      minmay_razor_zed, layout_gridville, mainiacjoe_overflow_tiny_flanked,
          hex_tiny, kennysheep_potato
D:6:      cheibrodos_helix_gallery, layout_cave_pods
D:7:      gammafunk_beogh_shrine, layout_basic, grunt_qazlal_clouds,
          minmay_temple_entry_glassed_door
D:8:      layout_cave_pools, grunt_temple_overflow_growth_and_decay,
          chequers_big_river
D:9:      layout_loops_ring, chequers_temple_overflow_minitemple,
          nemelex_xobeh_ov_fountains_minmay, serial_shops,
          nicolae_shop_waterfront, uniq_maurice, uniq_grum
D:10:     lemuel_flame_loot_2, layout_basic, lemuel_crystal_altar,
          mainiacjoe_overflow_surrounded_room, due_lair_maze_entry_diamond,
          serial_shops, shop, bh_circular_ruins
D:11:     layout_small_grid, david_orc_2,
          portal_ice_cave_entry_animals_and_master, st_stairs_1,
          nicolae_uskayaw_en_pointe
D:12:     layout_irregular_city, uniq_josephine
D:13:     layout_loops_ring, lightli_vaults_fourway_checkpoint
D:14:     layout_loops_cross, nzn_hepliaklqana_mist_gate, uniq_snorg,
          uniq_jorgrun
D:15:     hangedman_depths_entry_civil_slaughter, layout_basic, tgw_xom
Lair:1:   gammafunk_lair_enchanted_lake, layout_regular_city, minivault_27,
          uniq_gastronok
Lair:2:   layout_layer_cave, nicolae_spider_entry_orb_guardian,
          ebering_ghost_disaster_area, grunt_megastairs_1, lemuel_fruit_fields
Lair:3:   layout_big_grid, swamp_mist_pool
Lair:4:   layout_gridlike, slime_entry_1, serial_bayou_lagoon_b
Lair:5:   wormcave, layout_hall_layers, gammafunk_ghost_ooze, grunt_megastairs_5
Swamp:1:  gammafunk_sealed_arena, layout_basic_swamp, wheals_swamp_sinkhole,
          uniq_nikola, uniq_louise, uniq_kirke
Swamp:2:  nicolae_swamp_flooded_prison, layout_basic_swamp,
          ebering_ghost_rock_garden, hangedman_swamp_pad, swamp_pool3,
          hangedman_swamp_phenomena, infiniplex_staircase_pool
Swamp:3:  layout_basic_swamp, hangedman_swamp_diagram,
          infiniplex_staircase_pool_2, uniq_donald
Swamp:4:  swamp_vile, layout_basic_swamp
Spider:1: layout_cave_pods
Spider:2: layout_spider_delve
Spider:3: nicolae_spider_hilbert_zone_5 [nicolae_spider_hilbert_3_sides_1_open,
          nicolae_spider_hilbert_4_sides_1_open,
          nicolae_spider_hilbert_4_sides_1_open,
          nicolae_spider_hilbert_6_sides_1_open,
          nicolae_spider_hilbert_6_sides_1_open]
Spider:4: grunt_spider_rune_island, uniq_arachne
Orc:1:    layout_caves, serial_shops, nicolae_shop_tiny_glass,
          nicolae_shop_peninsula, shop, shop, shop_statue, basic_altar
Orc:2:    st_orc_elflike, layout_diamond_mine, nicolae_volcano_entry_two_sided
Elf:1:    nicolae_elf_arrival_fired_up, layout_onion_city,
          minmay_elf_demonology, hangedman_elf_disciples
Elf:2:    elven_hall_of_blades_hangedman_original [grunt_blade_entry_basic],
          layout_onion_city, serial_shops, nicolae_book_shop_shelving,
          portal_desolation_entry_twin_temple, minmay_misc_feat_pillars,
          minivault_5
Elf:3:    minmay_elf_hall_furrowed, layout_geoelf_castle, serial_shops,
          nicolae_shop_real_fake_doors
Vaults:1: nicolae_vaults_frosty_reception, v_misc_33, nicolae_vaults_house_2,
          ontoclasm_vaults_decontamination, nicolae_vaults_shrinking_rooms_1,
          nicolae_vaults_tetromino_T_2, vaults_room_pool, vaults_mumra_lcd,
          nicolae_vaults_layer_cake_slice, dpeg_vaults_monster_box,
          layout_vaults_maze_snakey
Vaults:2: nicolae_vaults_network_periphery, nicolae_vaults_steering_wheel,
          nicolae_vaults_double_plus_3, nicolae_vaults_ring_of_whatevers,
          nicolae_vaults_little_squares_2, nicolae_vaults_tetromino_Z_1,
          vaults_room_door_hall, vaults_room_semicircle,
          nicolae_vaults_variable_pillar_hall, ontoclasm_vaults_eye,
          layout_vaults_ring
Vaults:3: nicolae_vaults_prndl, nicolae_vaults_three_branches,
          nicolae_vaults_closet_pinwheel_2, minmay_crypt_entry_necro_gods,
          nicolae_vaults_tetromino_L_1, nicolae_vaults_octothorpe,
          layout_vaults_omnigrid
Vaults:4: lightli_enter_wizlab_magi_temple, nicolae_vaults_twisting_passages,
          v_rooms_3, nicolae_vaults_yaktaur_gun_rack, v_misc_2,
          nicolae_vaults_doubleplus_tesselated,
          nicolae_vaults_network_quinsquares
          [nicolae_vaults_network_quincunx_subvault,
          nicolae_vaults_network_quincunx_subvault,
          nicolae_vaults_network_quincunx_subvault,
          nicolae_vaults_network_quincunx_subvault], v_misc_23,
          nicolae_vaults_trapezoid_layered, nicolae_vaults_tangent_ellipses,
          nicolae_vaults_cochlea, nicolae_vaults_apartment_1,
          layout_vaults_omnibox, nicolae_trove_entry_free_sample
Vaults:5
Crypt:1:  layout_catacombs, uniq_josephina, uniq_aizul
Crypt:2:  layout_chaotic_city, roderic_lattice_octagonal_star
Crypt:3:  church_of_pain_bobbens, layout_chaotic_city
Depths:1: layout_cave_pools, hell_entry, lemuel_blue_sif_altar,
          kennysheep_two_boxes, grunt_megastairs_4, firewood_loft
Depths:2: nicolae_cairo_tiling_very_big, layout_gridlike,
          hangedman_tar_grid_catacomb, rand_demon_pan_entry_3,
          amcnicky_mini_rare_corridor_liquid, lightli_corner_chamber,
          serial_bayou_shore_b, uniq_enchantress, uniq_grunn
Depths:3: ragdoll_tomb_raider, layout_gridville, skrybe_limestone_x,
          abyss_entry, grunt_mini_vestibule, okawaru_altar_gauntlet_db
Depths:4: grunt_crosshair, layout_gridlike, enter_ziggurat_a,
          good_gods_temple_1, hangedman_abyss_entry_splay, hell_entry,
          makhleb_altar_promises_db, uniq_parghit, uniq_mennas
Zot:1:    layout_misc_corridors, guppyfry_library_mini
Zot:2:    layout_misc_corridors
Zot:3:    gammafunk_the_bubble [the_bubble_gammafunk_roulette],
          layout_misc_corridors
Zot:4:    hangedman_zot_vaults_quadrants, layout_concentric_octagons
Zot:5:    layout_twisted_circle, st_stairs_6

Skill      XL: |  1  2  3  4  5  6  7  8  9 10 11 12 13 14 15 16 17 18 19 20 21 22 23 24 25 26 27 |
---------------+----------------------------------------------------------------------------------+-----
Armour         | 2 3 4 5 6 8 9 10 12 14 15 16 17 18 19 20 21 22 23 | 23.4
Dodging        | 2 3 4 5 6 8 9 10 11 12 13 14 15 16 17 18 19 20 21 22 | 22.0
Axes           | 3 4 5 6 7 8 9 10 11 13 14 16 17 19 20 22 23 24 | 24.0
Fighting       | 4 5 6 7 9 10 11 12 13 14 15 16 18 19 20 21 22 24 | 24.6
Throwing       | 10 13 | 13.1

Action                     |  1- 3 |  4- 6 |  7- 9 | 10-12 | 13-15 | 16-18 | 19-21 | 22-24 | 25-27 || total
---------------------------+-------+-------+-------+-------+-------+-------+-------+-------+-------++-------
  Melee: Hand axe          |   131 |   115 |   236 |   356 |     6 |       |       |       |       ||   844
         Punch             |     1 |     2 |     2 |     8 |    10 |       |       |       |       ||    23
         Quarterstaff      |       |       |     3 |       |       |       |       |       |       ||     3
         Headbutt          |       |       |       |   122 |   240 |   174 |   264 |   277 |   230 ||  1307
         Demon whip        |       |       |       |    41 |   559 |       |       |       |       ||   600
         Battleaxe         |       |       |       |       |   373 |   441 |       |       |       ||   814
         Executioner's axe |       |       |       |       |       |   281 |   831 |  1047 |  1029 ||  3188
   Fire: Longbow           |       |       |       |       |       |     7 |       |       |       ||     7
 Invoke: Berserk           |     2 |     3 |    11 |    12 |    19 |    21 |    25 |    17 |    13 ||   123
         Trog's Hand       |       |       |     3 |     3 |    11 |     3 |    20 |    22 |     9 ||    71
         Brothers in Arms  |       |       |       |     1 |       |     2 |       |     2 |       ||     5
  Evoke: Wand              |       |       |    10 |       |     4 |     6 |       |       |       ||    20
    Use: Scroll            |     6 |     7 |     7 |     9 |    11 |    12 |    12 |    20 |     6 ||    90
         Potion            |     1 |       |       |     2 |     2 |     9 |     7 |     9 |    15 ||    45
   Stab: Petrified         |       |       |       |       |     5 |       |       |       |       ||     5
         Invisible         |       |       |       |       |       |     2 |     2 |       |     5 ||     9
         Distracted        |       |       |       |       |       |     1 |       |       |       ||     1
 Armour: Animal skin       |    16 |       |       |       |       |       |       |       |       ||    16
         Leather armour    |       |    15 |       |       |       |       |       |       |       ||    15
         Plate armour      |       |    12 |    70 |   219 |   483 |   621 |   348 |       |       ||  1753
         Chain mail        |       |       |    23 |     4 |       |       |       |       |       ||    27
         Gold dragon scale |       |       |       |       |       |       |   197 |   844 |   880 ||  1921
  Dodge: Dodged            |    85 |    71 |   135 |   265 |   697 |   682 |   741 |   690 |   427 ||  3793
         Repelled          |       |       |       |       |       |       |       |    14 |    15 ||    29
  Block: Other             |    17 |    17 |    56 |     3 |    21 |       |       |       |       ||   114
         Reflection        |       |       |     2 |       |       |       |       |       |       ||     2
